Map: Eternal Empire LE

Players

HeroMarine - Winner!

  • Race: Terran Terran
  • League: Master
  • Spawn Location: 1:00

PtitDrogo

  • Race: Protoss Protoss
  • League: Grandmaster
  • Spawn Location: 7:00

Event: DreamHack SC2 Masters 2020 Summer Europe

VOD

Have the link to the VOD?

Description

Time

  • Played on: July 2, 2020, 12:27 p.m.
  • Length: 7:30

All games in this series

Show
View Real Time Build Order
Export as new Build Order

HeroMarine Terran - Winner!

Build Orders: Liberator Opening 

Get SALT Encoding   

  12  0:00  SCV  
  13  0:12  SCV  
  14  0:17  Supply Depot  
  14  0:24  SCV  
  15  0:38  SCV  
  15  0:39  Barracks  
  16  0:43  Refinery  
  16  0:50  SCV  
  17  1:02  SCV  
  18  1:15  SCV  
  19  1:26  Marine  
  19  1:27  Orbital Command  
  20  1:45  Barracks Reactor  
  20  1:46  Command Center  
  20  1:52  Supply Depot  
  20  1:55  SCV  
  21  2:04  Factory  
  21  2:08  SCV  
  22  2:20  SCV  
  22  2:21  Refinery, Marine x2  
  25  2:32  SCV  
  26  2:38  Marine  
  26  2:39  Marine  
  28  2:45  SCV  
  28  2:49  Starport  
  28  2:50  Widow Mine  
  31  2:57  SCV, Orbital Command  
  32  3:01  Marine  
  32  3:03  Marine  
  34  3:09  SCV  
  37  3:13  Widow Mine  
  37  3:22  SCV  
  37  3:23  SCV  
  37  3:26  Medivac  
  40  3:28  Supply Depot, Marine  
  40  3:29  Marine  
  40  3:34  SCV  
  43  3:35  SCV  
  43  3:36  Factory Tech Lab  
  44  3:46  SCV, Supply Depot  
  44  3:48  SCV  
  46  3:52  Marine  
  46  3:53  Marine  
  46  3:54  Siege Tank  
  51  3:58  SCV  
  51  4:00  SCV  
  53  4:07  Liberator  
  53  4:08  Supply Depot  
  53  4:09  Supply Depot  
  56  4:11  Marine  
  56  4:12  Marine  
  56  4:15  SCV  
  56  4:17  SCV  
  60  4:27  SCV  
  60  4:28  Marine  
  60  4:30  SCV, Marine, Siege Tank  
  67  4:41  SCV  
  67  4:42  SCV  
  67  4:44  Supply Depot  
  67  4:46  Marine  
  67  4:48  Marine  
  69  4:55  SCV x2, Medivac  
  73  5:01  Command Center  
  73  5:04  Marine  
  73  5:06  Marine  
  75  5:07  SCV x2  
  75  5:10  Siege Tank  
  75  5:13  Barracks x2  
  80  5:19  SCV x2  
  82  5:22  Marine  
  82  5:23  Marine  
  84  5:31  SCV x2  
  84  5:34  Refinery  
  86  5:36  Engineering Bay, Refinery  
  86  5:40  Supply Depot  
  85  5:43  SCV  
  85  5:44  SCV  
  85  5:49  Marine  
  86  5:52  Marine  
  86  5:54  Bunker  
  86  5:55  SCV  
  86  6:02  SCV, Siege Tank  
  90  6:05  Bunker  
  90  6:06  Barracks Tech Lab  
  90  6:09  SCV  
  91  6:13  Barracks Tech Lab  
  91  6:17  Marine x2  
  93  6:20  SCV  
  93  6:22  Orbital Command  
  93  6:25  Marine  
  95  6:29  SCV  
  95  6:32  SCV  
  97  6:35  Marine  
  91  6:41  Marine  
  91  6:43  Marauder  
  91  6:44  Marauder  
  91  6:45  SCV x2  
  94  6:52  Marine  
  91  6:56  Bunker  
  91  6:58  Marine  
  91  6:59  SCV x2  
  93  7:04  Marine  
  93  7:05  Marine  
  96  7:22  Starport Reactor  
Show
View Real Time Build Order
Export as new Build Order

PtitDrogo Protoss 

Build Orders: 1 Gate Expand, Blink Stalkers 

Get SALT Encoding   

  12  0:00  Probe  
  13  0:12  Probe  
  14  0:17  Pylon  
  14  0:24  Probe  
  15  0:32  Probe  
  15  0:35  Gateway  
  15  0:41  Probe  
  16  0:46  Assimilator  
  17  0:51  Probe  
  18  1:03  Probe  
  19  1:15  Probe  
  20  1:22  Cybernetics Core  
  20  1:32  Nexus  
  20  1:39  Pylon  
  20  1:43  Probe  
  21  1:47  Assimilator  
  21  1:49  Adept  
  21  1:55  Probe  
  24  2:06  Shield Battery  
  24  2:08  Probe  
  25  2:09  Stalker  
  25  2:11  Warp Gate  
  27  2:23  Probe  
  28  2:36  Probe, Twilight Council  
  29  2:42  Probe  
  29  2:45  Stalker  
  29  2:48  Probe  
  33  3:01  Probe  
  33  3:04  Probe, Robotics Facility  
  33  3:12  Probe  
  33  3:13  Probe  
  33  3:16  Blink  
  35  3:20  Probe  
  35  3:25  Probe  
  35  3:26  Gateway  
  37  3:28  Gateway  
  37  3:31  Probe  
  38  3:39  Probe  
  39  3:42  Pylon  
  39  3:44  Probe, Observer  
  40  3:51  Probe  
  42  3:56  Probe  
  42  3:59  Stalker  
  45  4:03  Probe  
  45  4:05  Observer  
  45  4:08  Probe  
  45  4:09  Assimilator  
  48  4:11  Assimilator  
  48  4:15  Probe, Pylon  
  49  4:20  Probe  
  49  4:23  Stalker  
  52  4:29  Stalker  
  54  4:33  Probe x2  
  54  4:35  Pylon  
  56  4:45  Probe x2  
  56  4:47  Nexus  
  56  4:52  Pylon  
  57  5:02  Stalker x2  
  57  5:04  Stalker  
  62  5:11  Shield Battery  
  62  5:13  Probe x2  
  64  5:29  Stalker x2  
  64  5:30  Stalker  
  64  5:33  Probe  
  64  5:35  Probe  
  72  5:45  Probe  
  71  5:55  Stalker x3  
  75  6:07  Observer  
  74  6:15  Pylon  
  74  6:18  Nexus  
  74  6:19  Shield Battery, Pylon  
  74  6:20  Pylon  
  74  6:22  Shield Battery  
  74  6:24  Pylon  
  72  6:39  Stalker x3  
  71  6:52  Probe x2  
  70  7:04  Probe  
  70  7:05  Probe  
  70  7:07  Stalker  
  70  7:08  Stalker  
  61  7:22  Gateway x2  
  56  7:23  Gateway  
Tags
 
Add a new tag
Caveats
  • Supply blocks, unpowered buildings, or Contaminate may cause inaccurate times.
  • Supply counts are checked every 10 seconds.